Yoinksworth, lawful male human Knight ---------- |........| -------- |.........#####.......| |..(.....| |......| ##### #`# |........|`####..%.)..| # # |........|# |...r.k.#######f@ ### ---------- -.---.--# # --.-- [ #### # ### ####-....########` ####### # ### # |...| % ### # ##` |....#############---|------ ######### # |...| #%.>......| -|---.-------- ### |...| |........| |............| # ----- |....(...| |............|### .........| |...........<.# |........| |.......#....| ---------- -------------- Yoinksworth the Esquire Experience level: 4 Strength: 16 Dexterity: 9 Constitution: 13 Intelligence: 7 Wisdom: 15 Charisma: 17 Health: 0(32) Energy: 32(32) Def: 7 Gold: 362 Moves: 2035 Dungeon seed: vz1FK0wZ3l5lO0JJ Game ID: Yoinksworth_1575572205 Your Inventory: Coins $ - 362 gold pieces Weapons a - a +1 long sword (weapon in hand) b - a +1 lance Armor e - an uncursed +1 ring mail (being worn) n - an uncursed +0 helmet (being worn) q - an uncursed +0 small shield (being worn) r - a blessed +0 pair of leather gloves (being worn) y - an uncursed +0 orcish helm N - an uncursed +0 pair of high boots Potions I - an uncursed potion of extra healing K - a blessed potion of oil Rings f - an uncursed ring of invisibility Gems z - an uncursed worthless piece of blue glass Y - an uncursed opal Spells and supernatural/magical abilities: Name Level Category Fail Memory W - pray for help -- divine ? -- X - turn undead -- divine ? -- Y - supernatural jump -- ability ? -- Your skills at the end: Fighting Skills riding [Basic] Weapon Skills long sword [Basic] lance [Basic] Spellcasting Skills Final Attributes: You were piously aligned. You could jump. You are dead. Vanquished creatures: a small mimic a giant bat an iguana an acid blob a gas spore a hobbit 2 giant rats a green mold a red mold a gecko 3 jackals a fox 3 kobolds 3 goblins 2 sewer rats 8 grid bugs 7 lichens 2 kobold zombies 2 newts 42 creatures vanquished. Voluntary challenges: You had followed a strict vegetarian diet until turn 2019. You were an atheist. You used a wielded weapon 33 times, starting on turn 53. You were illiterate. You never genocided any monsters. You never polymorphed an object. You never changed form. You used no wishes. You never split a pudding. You never wrote Elbereth's name. You violated your moral code, losing 19 points of alignment, starting on turn 1680. Dungeon overview: The Dungeons of Doom: levels 1 to 3 Level 1 a sink a long staircase Level 2 <- You were here a sink Level 3 a general store, some fountains History has recorded: On T:1 you entered the Dungeons of Doom to retrieve the Amulet of Yendor! On T:510 you reached level 2 of The Dungeons of Doom. On T:988 you reached level 3 of The Dungeons of Doom. On T:1024 you advanced to experience level 2. On T:1386 you advanced to experience level 3. On T:1681 you advanced to experience level 4. Score breakdown: Gold: 362 ( 8707 points) Experience: 4 levels ( 9649 points) Exploration: 3 levels ( 6.52%) ( 6324 points) Discoveries: 1 item ( 0.41%) ( 1912 points) Valuables value: (no points given unless you survive) Artifact value: 0 ( 0 points) Variety of kills: 19 monsters ( 4.99%) ( 6699 points) Turncount: 2035 turns ( -26 points) Survival: died (score multiplied by 80%) Total score: 26612 Latest messages: The giant rat bites! You see here a giant rat corpse. You kill the giant rat! You see here a giant rat corpse. (2x) L - a giant rat corpse. You are beginning to feel weak. This giant rat corpse tastes terrible! You don't feel so weak now. You finish eating the giant rat corpse. The kitten misses. (2x) You miss the kitten. The kitten bites! You miss the kitten. The kitten misses. The kitten bites! You miss the kitten. The kitten bites! You miss the kitten. The kitten bites! You die... Final status: Fare thee well Yoinksworth the Knight, killed by a kitten... You died in The Dungeons of Doom on dungeon level 2 with 26612 points, and 362 pieces of gold, after 2035 moves. You were level 4 with a maximum of 32 hit points when you died.